 Dungeon Crawl Stone Soup version 0.28.0 (webtiles) character file.

Game seed: 9721692131791917589

49 zeram the Covered (level 3, -1/23 HPs)
             Began as a Gargoyle Fighter on Feb 14, 2022.
             Slain by Grinder (6 damage)
             ... while paralysed by Grinder
             ... on level 2 of the Dungeon.
             The game lasted 00:02:51 (2375 turns).

zeram the Covered (Gargoyle Fighter)                Turns: 2375, Time: 00:02:51

Health: -1/23      AC: 10    Str: 21    XL:     3   Next: 77%
Magic:  3/3        EV:  2    Int:  8    God:
Gold:   50         SH:  0    Dex:  9    Spells: 2/2 levels left

rFire   . . .      SeeInvis .   a - +0 flail
rCold   . . .      Faith    .   c - +0 buckler
rNeg    + . .      Spirit   .   b - +0 scale mail
rPois   ∞          Reflect  .   (no helmet)
rElec   +          Harm     .   (no cloak)
rCorr   .          Rampage  .   (no gloves)
Will    .....                   (no boots)
Stlth   ..........              (no amulet)
HPRegen 0.07/turn               (no ring)
MPRegen 0.08/turn               (no ring)

@: paralysed, mighty
A: sickness immunity, AC +3, negative energy resistance 1, electricity
resistance, torment resistance 1, petrification resistance
a: no special abilities


You were on level 2 of the Dungeon.
You visited 1 branch of the dungeon, and saw 3 of its levels.

You collected 50 gold pieces.

Inventory:

Hand Weapons
 a - a +0 flail (weapon)
Armour
 b - a +0 scale mail (worn)
 c - a +0 buckler (worn)
Scrolls
 j - a scroll of magic mapping
Potions
 e - a potion of degeneration


   Skills:
 - Level 3.2 Fighting
 + Level 2.8 Maces & Flails
 + Level 4.0 Armour
 + Level 0.4 Dodging
 + Level 3.7 Shields


You had 2 spell levels left.
You didn't know any spells.
Your spell library was empty.

Dungeon Overview and Level Annotations

Branches:
Dungeon (3/15)

Altars:

Shops:
D:1 **?!(

Annotations:
D:2 Grinder


Innate Abilities, Weirdness & Mutations

You are immune to sickness and miasma.
Your stone body is resilient. (AC +3)
You are immune to poison.
You resist negative energy. (rN+)
You are resistant to electric shocks. (rElec)
You are resistant to unholy torment.
You are immune to petrification.


Message History

Grinder blinks!
Grinder gestures at you.
You suddenly lose the ability to move!
Grinder says, "Mostly I couldn't keep them alive."
Grinder gestures at you.
You shrug off the repeated paralysis!
You feel your willpower return. Grinder gestures at you.
You resist with significant effort.
Grinder says, "You look like you could use a good racking."
Grinder gestures at you. You resist with significant effort.
Grinder blinks!
You can move again.
You feel better. Grinder gestures at you. Pain shoots through your body!
Grinder blinks!
Grinder blinks!
Okay, then.
You closely miss Grinder. Grinder hits you but does no damage.
You bludgeon Grinder!!
Grinder is heavily wounded.
Grinder blinks!
You aren't carrying any items that you can evoke.
You aren't carrying any pieces of jewellery.
Okay, then.
Okay, then.
Okay, then.
Grinder gestures at you.
You suddenly lose the ability to move!
You can move again.
Grinder gestures at you. Pain shoots through your body!
* * * LOW HITPOINT WARNING * * *
Unknown command.
Grinder gestures at you.
You suddenly lose the ability to move!
Grinder hits you.
You die...

..## #..###(# ##†###.....## .##
#......# #...##.....## .#
#..###.####...##....... .#
#....#.##............## '##
#>.#.#.##..).........## ..##
#......##.......####### ...##
##.##.#..)........# ##. ....##
##........###...##.####..
.....####.......@.#(##..##..##...
.....'...........5##.##..#...'.).
.....####......##..##....#...#...
....## ##.#...##...#...##...##..
...## #.#^_.#.......###.#.###.
..## #...^....##..###..#.# ## '##
###.####.######...#.# # .# #.#
#............# .# #.#
####.#.#...###


You could see Grinder.

Vanquished Creatures
  2 dart slugs (D:2)
  5 bats
  7 endoplasms
  A giant cockroach (D:2)
  5 hobgoblins
  3 jackals (D:1)
  3 kobolds
  A quokka (D:1)
  2 ball pythons
  2 frilled lizards (D:2)
  5 goblins
  5 rats
41 creatures vanquished.

Notes
Turn   | Place    | Note
-------+----------+-------------------------------------------
     0 | D:1      | zeram the Gargoyle Fighter began the quest for the Orb.
     0 | D:1      | Reached XP level 1. HP: 14/14 MP: 1/1
    95 | D:1      | Found Suc Bur's Magic Scroll Boutique.
   400 | D:1      | Found Roletot's General Store.
   425 | D:1      | Reached XP level 2. HP: 19/19 MP: 2/2
   665 | D:1      | Found Votiemmi's Distillery.
   768 | D:1      | Found Ogothaf's Weapon Shoppe.
   934 | D:1      | Found Qurued's Assorted Antiques.
  1164 | D:2      | Reached XP level 3. HP: 23/23 MP: 3/3
  1399 | D:2      | Found a faded altar of an unknown god.
  1684 | D:2      | Reached skill level 4 in Armour
  2343 | D:3      | Noticed Grinder
  2356 | D:2      | HP: 1/23 [Grinder/nerve-wracking pain (5)]
  2358 | D:2      | Paralysed by Grinder for 7 turns
  2370 | D:2      | Paralysed by Grinder for 3 turns
  2374 | D:2      | Paralysed by Grinder for 4 turns
  2375 | D:2      | Slain by Grinder

Illustrated notes

Levels and vault maps discovered:
D:1:      dpeg_arrival_three_bigger_balls, layout_loops_ring, serial_shops,
          nicolae_shop_hallway_stairs, nicolae_shop_statue_plus,
          nicolae_shop_stone, shop, shop
D:2:      layout_loops_corners, ebering_ecumenical_altar_webs, minmay_cupped
D:3:      layout_loops_ring, minivault_24, hangedman_glass_teeth,
          dk_noncrumbling_4, kennysheep_cross_room, uniq_grinder

Skill      XL: |  1  2  3 |
---------------+----------+-----
Armour         | 4 |  4.0
Fighting       | |  3.2
Maces & Flails | |  2.8
Dodging        | |  0.4
Shields        | |  3.7

Action                   || total
-------------------------++-------
Melee: Flail             ||   150
  Use: Scroll            ||     5
       Potion            ||     2
Armor: Scale mail        ||    80
Dodge: Dodged            ||    76
Block: Buckler           ||    26
